 Dungeon Crawl Stone Soup version 0.23-a0-395-gcf17ac6c65 (webtiles) character file.

66964 Napalmbreeze the Blocker (level 15, -5/94 HPs)
             Began as a Gargoyle Fighter on Oct 31, 2018.
             Was the Champion of Makhleb.
             Killed by divine providence
             ... invoked by a meliai
              (15 damage)
             ... on level 14 of the Dungeon on Nov 1, 2018.
             The game lasted 01:03:07 (20617 turns).

Napalmbreeze the Blocker (Gargoyle Fighter)        Turns: 20617, Time: 01:03:07

Health: -5/94      AC: 34    Str: 25    XL:     15   Next: 21%
Magic:  24/24      EV: 15    Int: 10    God:    Makhleb [******]
Gold:   983        SH: 13    Dex: 12    Spells: 14/14 levels left

rFire    + . .     SeeInvis .   R - +1 war axe (chop)
rCold    . . .     Gourm    .   c - +0 shield
rNeg     + . .     Faith    .   W - +2 chain mail {rF+}
rPois    ∞         Spirit   .   a - +1 hat {MR+}
rElec    +         Reflect  .   J - +0 cloak
rCorr    .         Harm     .   o - +1 pair of gloves {Dex+3}
MR       ++...                  (no boots)
Stlth    ..........             O - amulet of the acrobat
HPRegen  0.25/turn              H - +5 ring of evasion
MPRegen  0.19/turn              e - +4 ring of protection

@: flying
A: big wings, negative energy resistance 1, electricity resistance, unbreathing,
petrification resistance, rot immunity, AC +11
a: Stop Flying, Minor Destruction, Lesser Servant of Makhleb, Major Destruction,
Greater Servant of Makhleb, Renounce Religion


You were on level 14 of the Dungeon.
You worshipped Makhleb.
Makhleb was exalted by your worship.
You were not hungry.

You visited 4 branches of the dungeon, and saw 22 of its levels.
You visited 1 bazaar.
You also visited: Labyrinth and Volcano.

You collected 1567 gold pieces.
You spent 584 gold pieces at shops.

Inventory:

Hand Weapons
 i - a +2 war axe of freezing
 R - a +1 war axe of chopping (weapon)
 U - a +0 broad axe
 V - the +8 mace of the Chickpea {drain, rF+ MR+}
   (You found it on level 13 of the Dungeon)

   A truly terrible weapon, it drains the life of those it strikes.
   It protects you from fire.
   It affects your resistance to hostile enchantments.
Missiles
 b - 2 throwing nets (quivered)
Armour
 a - a +1 hat of magic resistance (worn)
 c - a +0 shield (worn)
 o - a +1 pair of gloves of dexterity (worn)
 F - the +4 scale mail of the Earth {rCorr}
   (You found it on level 10 of the Dungeon)

   It provides partial protection from all sources of acid and corrosion.
 J - a +0 cloak (worn)
 W - a +2 chain mail of fire resistance (worn)
Jewellery
 e - a +4 ring of protection (right hand)
 u - an uncursed ring of ice
 E - an uncursed ring of protection from magic
 H - a +5 ring of evasion (left hand)
 O - an amulet of the acrobat (around neck)
 P - an uncursed ring of protection from cold
 T - an uncursed ring of see invisible
 X - an uncursed ring of positive energy
Wands
 y - a wand of digging (11)
 D - a wand of iceblast (4)
 Q - a wand of acid (26)
 S - a wand of scattershot (3)
Scrolls
 h - 16 scrolls of remove curse
 j - a scroll of brand weapon
 m - 7 scrolls of enchant weapon
 n - a scroll of silence {unknown}
 q - 6 scrolls of teleportation
 r - a scroll of amnesia
 s - a scroll of fear
 v - 3 scrolls of magic mapping
 B - 4 scrolls of enchant armour
 K - 8 scrolls of blinking
 M - 2 scrolls of fog
Potions
 d - 5 potions of might
 g - 10 potions of curing
 k - a potion of resistance
 l - 3 potions of lignification
 p - a potion of berserk rage
 t - a potion of ambrosia
 x - a potion of heal wounds
 C - a potion of agility
 G - 5 potions of mutation
 I - 4 potions of haste
 Z - a potion of invisibility
Miscellaneous
 w - a fan of gales
Comestibles
 f - 29 rations
 z - 4 chunks of flesh


   Skills:
 + Level 11.1 Fighting
 + Level 12.2(12.7) Axes
 - Level 6.6(10.8) Maces & Flails
 - Level 12.2 Armour
 + Level 3.6 Dodging
 + Level 13.1 Shields
 + Level 12.0 Invocations


You had 14 spell levels left.
You didn't know any spells.
Your spell library contained the following spells:

 Spells                   Type           Power        Failure   Level  Hunger
 Beastly Appendage        Tmut           #.....       91%         1    ##.....
 Confusing Touch          Hex            #.....       91%         1    ##.....
 Flame Tongue             Conj/Fire      #....        91%         1    ##.....
 Magic Dart               Conj           #...         91%         1    ##.....
 Searing Ray              Conj           #.....       97%         2    ###....
 Throw Flame              Conj/Fire      #.....       97%         2    ###....
 Confuse                  Hex            #.......     100%        3    ####...
 Conjure Flame            Conj/Fire      #.......     100%        3    ####...
 Dazzling Spray           Conj/Hex       #.....       100%        3    ####...
 Gell's Gravitas          Tloc           #.........   100%        3    ####...
 Ignite Poison            Fire/Tmut/Pois #.......     100%        3    ####...
 Inner Flame              Hex/Fire       #.......     100%        3    ####...
 Stone Arrow              Conj/Erth      #.....       100%        3    ####...
 Force Lance              Conj/Tloc      #.......     100%        4    #####..
 Fulminant Prism          Conj/Hex       #.........   100%        4    #####..
 Ice Form                 Ice/Tmut       #.......     100%        4    #####..
 Iskenderun's Mystic Bla  Conj           #.......     100%        4    #####..
 Petrify                  Tmut/Erth      #.......     100%        4    #####..
 Sticky Flame             Conj/Fire      #.......     100%        4    #####..
 Fireball                 Conj/Fire      #.........   100%        5    ######.
 Metabolic Englaciation   Hex/Ice        #.........   100%        5    ######.
 Yara's Violent Unravell  Hex/Tmut       #.........   100%        5    ######.
 Bolt of Cold             Conj/Ice       #.........   100%        6    #######
 Bolt of Fire             Conj/Fire      #.........   100%        6    #######
 Freezing Cloud           Conj/Ice/Air   #.........   100%        6    #######
 Ozocubu's Refrigeration  Ice            #.........   100%        6    #######
 Simulacrum               Ice/Necr       #.........   100%        6    #######
 Haunt                    Necr/Summ      #.........   100%        7    #######
 Ring of Flames           Chrm/Fire      #.........   100%        7    #######
 Borgnjor's Revivificati  Necr           #.........   100%        8    #######
 Death's Door             Chrm/Necr      #.........   100%        8    #######
 Ignition                 Fire           #.........   100%        8    #######
 Infestation              Necr           #.........   100%        8    #######
 Necromutation            Tmut/Necr      #.........   100%        8    #######
 Shatter                  Erth           #.........   100%        9    #######
 Statue Form              Tmut/Erth      Unusable     N/A         6    N/A

Dungeon Overview and Level Annotations

Branches:
Dungeon (14/15)            Temple (1/1) D:4            Lair (6/6) D:8
  Swamp (0/4) Lair:4        Snake (0/4) Lair:2        Slime (0/5) Lair:6
    Orc (1/2) D:10         Vaults (0/5) D:14

Altars:
Ashenzari
Cheibriados
Dithmenos
Elyvilon
Fedhas
Gozag
Hepliaklqana
Kikubaaqudgha
Makhleb
Nemelex Xobeh
Okawaru
Qazlal
Ru
Sif Muna
Trog
Uskayaw
Vehumet
Wu Jian
Xom
Yredelemnul
Zin
The Shining One

Shops:
D:10 *

Annotations:
D:2 exclusion: downstairs


Innate Abilities, Weirdness & Mutations

You are resistant to torment.
Your stone body is resilient. (AC +11)
You are immune to poison.
Your large and strong wings let you fly indefinitely.
You resist negative energy. (rN+)
You are resistant to electric shocks. (rElec)
You can survive without breathing.
You are immune to petrification.
You are immune to rotting.


Message History

The wyvern skeleton is destroyed!
Makhleb accepts your kill.
The meliai hits your balrug with a +0 war axe!
The meliai stings your balrug but does no damage.
Your balrug closely misses the meliai.
The meliai closely misses your balrug. The meliai barely misses your balrug.
The meliai hits your balrug with a +0 hand axe.
The meliai stings your balrug.
The meliai hits your balrug with a +0 hand axe.
The meliai closely misses your balrug. x2
The meliai barely misses your balrug.
Your balrug hits the meliai but does no damage.
The meliai hits your balrug with a +0 hand axe!
The meliai closely misses your balrug. x2; The meliai stings your balrug.
The meliai hits your balrug with a +0 hand axe!
Your balrug dies!
A demon appears!
The meliai mumbles some strange prayers to its god against you.
Something smites you!
You die...

#...#.#.#####.#
.####.#.......####
.# #.#######)...#
.####.########.#.#
.......).........#
.#.#.#.#[#.#.#.#.#
..#..............#
.#.#.#...#.#.#.#.##
................@4#
.#.#.....#.#....#.##
.......#......###..#
.#....##.#....#
##.##
..........).### #y.#
.#.#.#.#.#### ##.##
.........# #y.#
.#.#.#.### ##y#
.......# #.##


You could see 3 meliai and a friendly hellwing.

Vanquished Creatures
  The ghost of PikkenKukken the Martial Artist, a journeyman DsTm of Kikubaaqudgha (Lair:5)
  A minotaur (Lab)
  Josephine (D:11)
  Harold (D:7)
  4 hydras
  2 catoblepae (Lair:6)
  2 tengu warriors (D:14)
  2 centaur warriors (D:13)
  6 two-headed ogres
  4 death yaks (Lair:6)
  A glowing orange brain (shapeshifter) (D:14)
  A lindwurm (Lair:5)
  2 deep elf magi
  A necromancer (D:14)
  An ugly thing (D:12)
  2 cyclopes
  2 manticores (Lair:6)
  3 salamanders (Volcano)
  5 black mambas
  Joseph (D:8)
  A gargoyle (D:12)
  19 spiny frogs
  A freezing wraith (D:11)
  3 komodo dragons
  2 trolls
  2 polar bears
  A bog body (Lair:4)
  10 blink frogs
  11 hippogriffs
  3 redbacks (Lab)
  Sigmund (D:3)
  54 yaks
  A shadow (D:12)
  5 wraiths
  3 basilisks
  3 wyverns
  2 fire bats (Volcano)
  6 hungry ghosts
  2 steam dragons
  3 swamp worms (Lair:4)
  4 nagas (Lair:2)
  4 vampire mosquitoes (D:14)
  A warg (Orc:1)
  Menkaure (D:7)
  A soldier ant (D:13)
  An acid dragon (D:11)
  A naga (shapeshifter) (D:14)
  12 water moccasins
  11 porcupines
  A hell hound (Volcano)
  6 black bears
  8 orc warriors
  5 ice beasts
  5 sky beasts
  2 phantoms
  3 necrophages (D:9)
  A hornet zombie (D:8)
  11 ogres
  4 wolves
  19 centaurs
  12 crocodiles
  Blork the orc (D:6)
  2 big kobolds
  19 bullfrogs
  A wyvern zombie (D:7)
  A water moccasin zombie (D:9)
  A scorpion (D:14)
  2 water moccasin skeletons
  10 killer bees
  4 wights
  2 electric eels
  A howler monkey (D:7)
  6 crimson imps
  3 bullfrog zombies
  16 jellies
  5 centaur zombies
  10 hounds
  10 orc wizards
  5 orc priests
  2 bullfrog skeletons (D:7)
  2 iguanas
  Ijyb (D:3)
  Natasha (twice) (D:3)
  10 worker ants
  A hound zombie (D:10)
  2 hound skeletons
  A mummy (D:9)
  4 worker ant zombies
  18 adders
  3 shadow imps
  6 oozes
  2 adder skeletons
  2 worms
  4 dart slugs
  6 leopard geckos
  37 orcs
  A giant cockroach (D:1)
  9 goblins
  5 hobgoblins
  11 jackals
  9 quokkas
  A ball python (D:1)
  7 bats
  6 frilled lizards
  A giant cockroach zombie (D:5)
  A jackal skeleton (D:7)
  26 kobolds
  2 leopard gecko skeletons
  A quokka zombie (D:6)
  8 rats
  A butterfly (Lair:5)
  5 fungi
  4 plants
589 creatures vanquished.

Vanquished Creatures (collateral kills)
  Gastronok (D:10)
  The ghost of Lonuriuj the Blocker, a journeyman FoFi of Qazlal (Lair:2)
  A catoblepas (Lair:6)
  3 hydras
  Fannar (D:12)
  An anaconda (Lair:5)
  A death yak (Lair:6)
  A gargoyle (D:12)
  A hippogriff (D:10)
  A wyvern (Lair:5)
  4 yaks (Lair:6)
  A porcupine (Lair:3)
  An orc warrior (D:11)
  A hornet zombie (D:12)
  3 centaurs (D:12)
  2 bullfrogs (D:8)
  A wyvern skeleton (D:14)
  A hound (D:10)
  A jelly (D:11)
  2 orc priests (D:11)
  3 orc wizards (D:11)
  A worker ant zombie (D:10)
  5 orcs (D:11)
  A fungus (D:8)
  3 plants
42 creatures vanquished.

Vanquished Creatures (others)
  A troll (D:13)
  A yak (Lair:2)
  A hound (D:13)
  An adder (D:11)
  22 fungi
  14 plants
40 creatures vanquished.

Grand Total: 671 creatures vanquished

Notes
Turn   | Place    | Note
-------+----------+-------------------------------------------
     0 | D:1      | Napalmbreeze the Gargoyle Fighter began the quest for the
                  | Orb.
     0 | D:1      | Reached XP level 1. HP: 14/14 MP: 1/1
   137 | D:1      | Reached XP level 2. HP: 19/19 MP: 2/2
   591 | D:1      | Reached XP level 3. HP: 12/24 MP: 3/3
  1281 | D:2      | Reached XP level 4. HP: 29/29 MP: 4/4
  1534 | D:2      | Reached skill level 4 in Shields
  2184 | D:3      | Noticed Sigmund
  2263 | D:3      | Reached XP level 5. HP: 33/33 MP: 5/5
  2645 | D:3      | Killed Sigmund
  2645 | D:3      | Reached XP level 6. HP: 27/39 MP: 6/6
  2797 | D:3      | Noticed Natasha
  2816 | D:3      | Killed Natasha
  2900 | D:3      | Noticed Ijyb
  2907 | D:3      | Killed Ijyb
  3174 | D:3      | Found a bloodstained altar of Trog.
  3189 | D:3      | Found a hazy altar of Hepliaklqana.
  3220 | D:3      | Noticed Natasha
  3232 | D:3      | Killed Natasha
  3239 | D:3      | Found a glowing silver altar of Zin.
  3242 | D:3      | Found an opulent altar of Gozag.
  3242 | D:3      | Found a shadowy altar of Dithmenos.
  3242 | D:3      | Found a radiant altar of Vehumet.
  3243 | D:3      | Found a blossoming altar of Fedhas.
  3245 | D:3      | Found a shattered altar of Ashenzari.
  3385 | D:4      | Reached skill level 5 in Shields
  3425 | D:4      | Found a staircase to the Ecumenical Temple.
  3434 | Temple   | Entered the Ecumenical Temple
  3675 | D:4      | Reached skill level 5 in Fighting
  3675 | D:4      | Reached skill level 5 in Armour
  3810 | D:4      | Reached XP level 7. HP: 44/44 MP: 7/7
  4471 | Temple   | Became a worshipper of Makhleb the Destroyer
  4515 | D:5      | Entered Level 5 of the Dungeon
  4920 | D:5      | Found an iron altar of Okawaru.
  5057 | D:5      | Found a sacrificial altar of Ru.
  5243 | D:5      | Reached skill level 1 in Invocations
  5318 | D:6      | Noticed a hippogriff
  5337 | D:5      | Killed a hippogriff
  5337 | D:5      | Reached XP level 8. HP: 41/51 MP: 7/9
  5441 | D:6      | Reached skill level 6 in Shields
  5579 | D:6      | Reached * piety under Makhleb
  5579 | D:6      | Reached skill level 5 in Maces & Flails
  5840 | D:6      | Noticed Blork the orc
  5862 | D:6      | Killed Blork the orc
  6223 | D:7      | Reached XP level 9. HP: 57/57 MP: 11/11
  6586 | D:7      | Reached ** piety under Makhleb
  6591 | D:7      | Reached skill level 7 in Shields
  6741 | D:7      | Noticed Menkaure
  6751 | D:7      | Killed Menkaure
  7057 | D:7      | Noticed Harold
  7362 | D:7      | Reached XP level 10. HP: 64/66 MP: 13/13
  7479 | D:7      | Killed Harold
  7479 | D:7      | Reached skill level 5 in Invocations
  7713 | D:7      | Identified Ucierphyn's Volume of Earthen Transmutation
  7850 | D:8      | Reached skill level 1 in Axes
  7850 | D:8      | Reached skill level 8 in Shields
  7891 | D:8      | Found a white marble altar of Elyvilon.
  7964 | D:8      | Noticed Joseph
  7977 | D:8      | Reached *** piety under Makhleb
  7979 | D:8      | Reached skill level 10 in Fighting
  7993 | D:8      | Killed Joseph
  8158 | D:8      | Noticed a two-headed ogre
  8167 | D:8      | Killed a two-headed ogre
  8179 | D:8      | Reached XP level 11. HP: 57/72 MP: 15/15
  8201 | D:8      | Noticed a two-headed ogre
  8210 | D:8      | Killed a two-headed ogre
  8270 | D:8      | Found a staircase to the Lair.
  8618 | D:9      | Reached skill level 9 in Shields
  8761 | D:9      | Reached skill level 5 in Axes
  9034 | D:10     | Entered Level 10 of the Dungeon
  9061 | D:10     | Reached **** piety under Makhleb
  9067 | D:10     | Noticed Gastronok
  9105 | D:10     | Killed Gastronok
  9458 | D:10     | Found Unatugga's General Store.
  9522 | D:10     | Found a staircase to the Orcish Mines.
  9601 | D:10     | Got a pitted scale mail
  9612 | D:10     | Identified the +4 scale mail of the Earth {rCorr} (You
                  | found it on level 10 of the Dungeon)
  9821 | Lair:1   | Entered Level 1 of the Lair of Beasts
  9821 | Lair:1   | Noticed a six-headed hydra
  9834 | D:8      | Killed a seven-headed hydra
  9973 | Lair:1   | Noticed a seven-headed hydra
 10018 | D:8      | Killed a nine-headed hydra
 10018 | D:8      | Reached XP level 12. HP: 47/77 MP: 17/17
 10110 | Lair:1   | Reached skill level 10 in Shields
 10219 | Lair:1   | Reached skill level 10 in Armour
 11190 | Lair:2   | Found a runed gate.
 11191 | Lair:2   | Found a runed gate.
 11192 | Lair:2   | Found a runed gate.
 11194 | Lair:2   | Noticed Lonuriuj's ghost (journeyman FoFi)
 11289 | Lair:2   | Found a staircase to the Snake Pit.
 11843 | Lair:2   | Killed Lonuriuj's ghost
 12442 | Lair:3   | Reached XP level 13. HP: 82/82 MP: 18/20
 12712 | Lair:4   | Reached skill level 11 in Shields
 12965 | Lair:4   | Found a shimmering altar of Xom.
 13088 | Lair:4   | Found a staircase to the Swamp.
 13298 | Lair:5   | Noticed PikkenKukken's ghost (journeyman DsTm)
 13299 | Lair:5   | Found a transporter.
 13303 | Lair:5   | Found a transporter.
 13623 | Lair:5   | Found a dark tunnel.
 13636 | Lair:5   | Reached ***** piety under Makhleb
 13675 | Volcano  | Entered a volcano
 13700 | Volcano  | Reached skill level 10 in Axes
 13728 | Volcano  | Reached skill level 10 in Invocations
 13885 | Volcano  | HP: 1/82 [something (23)]
 14856 | Lair:5   | Killed PikkenKukken's ghost
 15064 | Lair:6   | Entered Level 6 of the Lair of Beasts
 15165 | Lair:6   | Found a staircase to the Slime Pits.
 15198 | Lair:6   | Found a basalt altar of Yredelemnul.
 15672 | Lair:6   | Gained mutation: Your large and strong wings let you fly
                  | indefinitely. [Gargoyle growth]
 15672 | Lair:6   | Reached XP level 14. HP: 87/88 MP: 21/21
 15706 | Lair:6   | Reached skill level 12 in Shields
 17320 | Orc:1    | Entered Level 1 of the Orcish Mines
 17580 | D:11     | Noticed Josephine
 17596 | D:11     | Killed Josephine
 17619 | D:11     | Reached skill level 1 in Dodging
 17683 | D:11     | HP: 2/88 [orc priest/divine providence (12)]
 18621 | D:12     | Found a shimmering altar of Xom.
 18710 | D:12     | Noticed Fannar
 18726 | D:12     | Killed Fannar
 18812 | D:12     | Reached ****** piety under Makhleb
 18956 | D:12     | Found a shimmering altar of Xom.
 19149 | D:13     | Found a flickering gateway to a bazaar.
 19158 | Bazaar   | Entered a bazaar
 19158 | Bazaar   | Found Boligrin's Antique Weapon Boutique.
 19158 | Bazaar   | Found Oluaduh's Assorted Antiques.
 19158 | Bazaar   | Found Ketemek's Distillery.
 19158 | Bazaar   | Found Biapt's Gadget Boutique.
 19158 | Bazaar   | Found Yghuaxer's Assorted Antiques.
 19171 | Bazaar   | Bought a pitted ring mail for 261 gold pieces
 19171 | Bazaar   | Bought a slimy emerald amulet for 145 gold pieces
 19177 | Bazaar   | Bought a potion of invisibility for 136 gold pieces
 19179 | Bazaar   | Bought a potion of curing for 42 gold pieces
 19202 | D:13     | Identified the amulet "Ypholioj" {Inacc MR+} (You bought it
                  | in a shop in a bazaar)
 19235 | D:12     | Identified the +0 ring mail of Knowledge {+Inv rElec MR-
                  | rCorr} (You bought it in a shop in a bazaar)
 19305 | D:13     | Got a slimy mace
 19306 | D:13     | Identified the +8 mace of the Chickpea {drain, rF+ MR+}
                  | (You found it on level 13 of the Dungeon)
 20038 | D:14     | Found a labyrinth entrance.
 20073 | D:14     | Reached XP level 15. HP: 75/93 MP: 23/23
 20091 | Lab      | Entered a labyrinth
 20176 | Lab      | Reached skill level 13 in Shields
 20307 | Lab      | Got a smoking pewter amulet
 20354 | D:13     | Identified the amulet of Zag Cuit {Inacc rPois SInv} (You
                  | found it in a labyrinth)
 20361 | D:13     | Upgraded the game from 0.23-a0-393-g6e9e0f2070 to
                  | 0.23-a0-395-gcf17ac6c65
 20391 | D:14     | Found a gate to the Vaults.
 20617 | D:14     | Killed from afar by a meliai

Vault maps used:
D:1:      dpeg_arrival_boxes_within_box
D:3:      marbit_many_paths, minitemple, first_ration, uniq_sigmund, uniq_ijyb,
          uniq_natasha
D:4:      minmay_temple_entry_junction
D:5:      okawaru_gym_becter, nicolae_ru_sacrificial_ziggurat
D:6:      uniq_blork_the_orc
D:7:      kennysheep_windowed_halls, uniq_harold, uniq_menkaure
D:8:      kennysheep_little_box, due_lair_maze_entry_diamond, grunt_pizzeria,
          chequers_serial_rivers_micro_a, uniq_joseph
D:9:      serial_undead, serial_undead_b, serial_undead_b, serial_undead_b,
          serial_undead_c
D:10:     orc_0_dummy, serial_shops,
          nicolae_shop_temple_entry_statues_fountains, uniq_gastronok
D:11:     lightli_minifort, uniq_josephine
D:12:     xom_redecorated, uniq_fannar
D:13:     serial_shops, bzr_firewalk
D:14:     minmay_stepped, david_vaults_1, hangedman_decor_riveting,
          lab_entry_generic, nooodl_food_tri
Temple:   minmay_temple_bridge_abc
Lair:1:   beast_lair_carwin_10
Lair:2:   minmay_snake_entry_guardpost_small, ebering_ghost_rock_garden,
          grunt_megastairs_2
Lair:4:   nicolae_swamp_entry_splash_gauntlet, basic_altar
Lair:5:   nicolae_volcano_entry_vermiform, gammafunk_ghost_arena,
          lemuel_fruit_fields
Lair:6:   evilmike_catoblepas_cave, minmay_slime_entry_jelly_boxes, basic_altar,
          serial_bayou_shore_b
Orc:1:    gammafunk_ghost_necromancy
Lab:      nicolae_lab_t_cross, lab_block, lab_statue, labyrinth_glass_1,
          nicolae_lab_checkerboard, nicolae_lab_plus
Bazaar:   bazaar_minmay_generic_box
Volcano:  volcano_village

Skill      XL: |  1  2  3  4  5  6  7  8  9 10 11 12 13 14 15 |
---------------+----------------------------------------------+-----
Fighting       | 4 5 6 7 9 10 11 | 11.1
Armour         | 4 5 6 7 8 9 10 11 12 | 12.2
Shields        | 4 5 6 7 8 9 10 11 12 13 | 13.1
Maces & Flails | 3 4 5 6 |  6.6
Invocations    | 1 3 4 6 7 9 10 11 12 | 12.0
Axes           | 3 6 9 10 12 | 12.2
Dodging        | 3 |  3.6

Action                   |  1- 3 |  4- 6 |  7- 9 | 10-12 | 13-15 || total
-------------------------+-------+-------+-------+-------+-------++-------
Melee: Flail             |   139 |   260 |   602 |    48 |       ||  1049
       War axe           |       |       |       |   699 |  1214 ||  1913
 Fire: Blowgun           |       |    11 |       |       |       ||    11
Throw: Javelin           |     1 |       |       |       |       ||     1
       Throwing net      |       |       |       |     1 |       ||     1
Invok: Lesser Servant of |       |       |       |    10 |    11 ||    21
       Minor Destruction |       |       |       |       |    22 ||    22
       Major Destruction |       |       |       |       |     3 ||     3
       Greater Servant o |       |       |       |       |     2 ||     2
 Abil: Fly               |       |       |       |       |     1 ||     1
  Use: Scroll            |       |     2 |       |    16 |     6 ||    24
       Potion            |       |       |       |     4 |     2 ||     6
 Stab: Distracted        |       |       |       |     4 |     3 ||     7
  Eat: Chunk             |     1 |     9 |    10 |    16 |    19 ||    55
       Ration            |       |       |     1 |     2 |     4 ||     7
Armor: Ring mail         |    76 |   119 |       |       |       ||   195
       Chain mail        |       |    46 |   461 |   249 |   197 ||   953
       Scale mail        |       |       |       |   212 |   357 ||   569
       Skin              |       |       |       |       |     1 ||     1
Dodge: Dodged            |    56 |    68 |   152 |   409 |   609 ||  1294
Block: Shield            |   102 |   164 |   361 |   590 |   827 ||  2044

Table legend:
 A = Non-vault XP
 B = Vault XP
 C = Vault XP percentage of total XP
 D = Non-vault monster count
 E = Vault monster count
 F = Vault count percentage of total count
                 A         B        C        D         E       F
            +---------+---------+-------+---------+---------+-------
      Total |   60107 |   35557 |  37.2 |     484 |     135 |  21.8
            +---------+---------+-------+---------+---------+-------
        D:1 |      47 |       0 |   0.0 |      26 |       0 |   0.0
        D:2 |     104 |       0 |   0.0 |      22 |       0 |   0.0
        D:3 |      94 |     313 |  76.9 |      19 |       4 |  17.4
        D:4 |     238 |       0 |   0.0 |      14 |       0 |   0.0
        D:5 |     612 |       0 |   0.0 |      17 |       0 |   0.0
        D:6 |     827 |     225 |  21.4 |      29 |       2 |   6.5
        D:7 |    1882 |    1984 |  51.3 |      36 |      17 |  32.1
        D:8 |    4483 |    2199 |  32.9 |      23 |      13 |  36.1
        D:9 |    1050 |     570 |  35.2 |      19 |       7 |  26.9
       D:10 |    2193 |    1516 |  40.9 |      31 |       1 |   3.1
       D:11 |    3747 |    2444 |  39.5 |      50 |       6 |  10.7
       D:12 |    5053 |     687 |  12.0 |      33 |       1 |   2.9
       D:13 |    6635 |       0 |   0.0 |      27 |       0 |   0.0
       D:14 |    4589 |    4664 |  50.4 |      17 |       8 |  32.0
     Lair:1 |    1917 |    2698 |  58.5 |      10 |       8 |  44.4
     Lair:2 |    4971 |    1563 |  23.9 |      26 |       6 |  18.8
     Lair:3 |    4168 |       0 |   0.0 |      19 |       0 |   0.0
     Lair:4 |    1962 |     827 |  29.7 |       7 |       5 |  41.7
     Lair:5 |    3308 |    2517 |  43.2 |      15 |       6 |  28.6
     Lair:6 |   10319 |    9945 |  49.1 |      32 |      37 |  53.6
      Orc:1 |     731 |       0 |   0.0 |      11 |       0 |   0.0
        Lab |    1177 |    1022 |  46.5 |       1 |       5 |  83.3
    Volcano |       0 |    2383 | 100.0 |       0 |       9 | 100.0
            +---------+---------+-------+---------+---------+-------
